 Dungeon Crawl Stone Soup version 0.31-a0-263-ge8cad7f256 (webtiles) character file.

Game seed: 9346286737385637216

2140 juan097 the Ruffian (level 9, 0/58 HPs)
             Began as an Octopode Shapeshifter on July 13, 2023.
             Was a Believer of Ru.
             Killed from afar by an orc wizard (12 damage)
             ... with a puff of flame
             ... on level 7 of the Dungeon.
             The game lasted 00:16:23 (6412 turns).

juan097 the Ruffian (Octopode Shapeshifter)         Turns: 6412, Time: 00:16:23

Health: 0/58       AC:  1    Str: 17    XL:     9   Next: 30%
Magic:  9/9        EV: 16    Int: 10    God:    Ru [**....]
Gold:   312        SH:  0    Dex: 20    Spells: 6/8 levels left

rFire   x .          .
                       - Unarmed
rCold   . . .        (no shield)
rNeg    . . .        (helmet currently unavailable)
rPois   .            (no amulet)
rElec   .            g - ring of protection from cold
rCorr   .            k - ring of see invisible
SInv    +            p - +6 ring of dexterity
Will    .....        q - ring of flight
Stlth   ++++         (no ring)
HPRegen 0.29/turn    (no ring)
MPRegen 0.11/turn    (no ring)
                     (no ring)

%: no passive effects
@: beast-form, flying
A: beast (slay +3), almost no armour, amphibious, 8 rings, camouflage 1,
gelatinous body 1, temperature sensitive, (nimble swimmer 1), tentacles
a: Begin Untransformation, Renounce Religion


You were on level 7 of the Dungeon.
You worshipped Ru.
Ru was pleased with you.
You were a hulking beast.
You visited 2 branches of the dungeon, and saw 8 of its levels.

You collected 312 gold pieces.

Inventory:

Hand Weapons
 a - a +5 dagger of flaming
 d - a +2 dagger of draining
Missiles
 h - 6 poisoned darts (quivered)
 r - 8 boomerangs
 s - 2 throwing nets
Magical Staves
 y - a staff of cold
Jewellery
 g - a ring of protection from cold (left tentacle)
 k - a ring of see invisible (right tentacle)
 p - a +6 ring of dexterity (on tentacle)
 q - a ring of flight (on tentacle)
Talismans
 b - a beast talisman
Wands
 x - a wand of flame (12)
Scrolls
 c - 6 scrolls of identify {unknown}
 e - a scroll of enchant weapon {unknown}
 f - a scroll of amnesia {unknown}
 i - a scroll of poison {unknown}
 o - 2 scrolls of fog {unknown}
 u - 4 scrolls of teleportation
 v - 2 scrolls of vulnerability {unknown}
 w - a scroll of enchant armour {unknown}
Potions
 j - 2 potions of attraction {unknown}
 l - 4 potions of curing {unknown}
 m - 3 potions of heal wounds {unknown}
 n - 2 potions of ambrosia {unknown}
 t - 3 potions of lignification
 z - a potion of haste {unknown}


   Skills:
 - Level 4.0 Fighting
 + Level 3.6 Short Blades
 + Level 5.5 Dodging
 - Level 4.0 Stealth
 * Level 7.6 Unarmed Combat
 + Level 5.2 Shapeshifting


You had 6 spell levels left.
You knew the following spells:

 Your Spells              Type           Power      Damage    Failure   Level
a - Passwall              Tmut/Erth      0%         N/A       50%         2

Your spell library contained the following spells:

 Spells                   Type           Power      Damage    Failure   Level
 Freeze                   Ice            0%         1d3       36%         1
 Sandblast                Erth           0%         2d4       36%         1
 Frozen Ramparts          Ice            0%         1d1       75%         3
 Hailstorm                Conj/Ice       0%         3d3       75%         3
 Stone Arrow              Conj/Erth      0%         3d7       75%         3


Dungeon Overview and Level Annotations

Branches:
Dungeon (7/15)             Temple (1/1) D:4

Altars:
Ashenzari
Cheibriados
Dithmenos
Elyvilon
Fedhas
Hepliaklqana
Kikubaaqudgha
Makhleb
Nemelex Xobeh
Okawaru
Qazlal
Ru
Sif Muna
Trog
Uskayaw
Vehumet
Xom
Yredelemnul
Zin
The Shining One

Shops:
D:6 :

Annotations:
D:2 Terence
D:4 3 runed translucent doors, Newt's ghost, amateur KoHu


Innate Abilities, Weirdness & Mutations

You are a hulking beast.
Your limbs bulge with bestial killing power. (Slay +3)
You cannot wear most types of armour.
You are amphibious.
You can wear up to eight rings at the same time.
Your skin changes colour to match your surroundings (Stealth+).
Your rubbery body absorbs attacks. (AC +1, EV +1)
You are sensitive to extremes of temperature. (rF-, rC-)
((You are camouflaged when in or above water. (Stealth+)))
You have tentacles for arms and can constrict up to eight enemies at once.


Message History

You feel sick.
You feel sick.
You are no longer poisoned.
You closely miss the orc priest. Your grab misses the orc priest.
You bludgeon the orc priest!
You kill the orc priest! 2 orcs come into view.
An orc is wielding a +0 whip and quivering curare-tipped darts.
The orc shouts!
The orc wizard shouts!
The orc throws a curare-tipped dart.
The curare-tipped dart barely misses you.
The orc wizard hits you but does no damage.
Things that are here:
a +0 short sword; an orc corpse You barely miss the orc wizard.
You grab the orc wizard. You constrict the orc wizard.
The orc wizard hits you with a +0 dagger.
* * * LOW HITPOINT WARNING * * *
You release your grip on the orc wizard.
The orc wizard attacks as you move away!
The orc wizard hits you with a +0 dagger.
* * * LOW HITPOINT WARNING * * *
You tentacle-slap the orc wizard but do no damage.
Your grab misses the orc wizard. You squeeze the orc wizard!
The orc wizard is almost dead.
You tentacle-slap the orc wizard. Your grab misses the orc wizard.
The orc wizard is lightly wounded.
Okay, then.
Okay, then.
Okay, then.
You tentacle-slap the orc wizard. You grab the orc wizard.
You squeeze the orc wizard!
The orc wizard is almost dead.
You constrict the orc wizard.
The orc wizard struggles to escape constriction.
You tentacle-slap the orc wizard.
You kill the orc wizard!
The orc wizard gestures at you while chanting.
The puff of flame hits you! The fire burns you terribly!
You die...

###############
#...>.........#
#.............#
#.:...........#
#......o......#
#....o.)h.....#
###...o##......#
#.... #...####
#...$ .....#
#.... .....#
#.... .....#
#....#######
#.... ...##...


You could see an orc wizard and 2 orcs.

Vanquished Creatures
  2 water moccasins (D:7)
  An ogre (D:6)
  A phantom (D:6)
  2 centaurs
  4 scorpions
  3 wights
  7 killer bees
  A howler monkey (D:6)
  4 hounds
  2 jellies
  3 orc priests
  A gnoll bouda (D:4)
  An iron imp (D:3)
  An iguana (D:5)
  10 orc wizards
  Robin (D:4)
  4 gnolls (D:4)
  12 adders
  A shadow imp (D:6)
  2 white imps
  A worm (D:2)
  3 dart slugs
  12 orcs
  7 ball pythons
  5 endoplasms
  2 giant cockroaches (D:4)
  15 goblins
  7 hobgoblins
  2 jackals (D:1)
  11 kobolds
  5 quokkas
  7 bats
  5 frilled lizards
  8 rats
153 creatures vanquished.

Notes
Turn   | Place    | Note
-------+----------+-------------------------------------------
     0 | D:1      | juan097 the Octopode Shapeshifter began the quest for the
                  | Orb.
     0 | D:1      | Reached XP level 1. HP: 14/14 MP: 1/1
   137 | D:1      | Reached XP level 2. HP: 19/19 MP: 2/2
   207 | D:1      | Reached skill level 1 in Stealth
   374 | D:1      | Reached XP level 3. HP: 24/24 MP: 3/3
   415 | D:1      | Learned a level 2 spell: Passwall
   600 | D:2      | Noticed Terence
   879 | D:2      | Found a white marble altar of Elyvilon.
  1231 | D:2      | Reached XP level 4. HP: 30/30 MP: 4/4
  1618 | D:3      | Reached skill level 3 in Unarmed Combat
  1860 | D:3      | Found a snail-covered altar of Cheibriados.
  1866 | D:3      | Reached XP level 5. HP: 30/35 MP: 5/5
  2284 | D:4      | Found a staircase to the Ecumenical Temple.
  2329 | Temple   | Entered the Ecumenical Temple
  2491 | Temple   | Became a worshipper of Ru the Awakened
  2511 | D:4      | Reached XP level 6. HP: 38/42 MP: 6/6
  2668 | D:4      | Reached skill level 4 in Unarmed Combat
  2979 | D:4      | Found a runed translucent gate.
  2979 | D:4      | Found a runed translucent gate.
  2981 | D:4      | Found a runed translucent gate.
  2981 | D:4      | Noticed Newt's ghost (amateur KoHu)
  2990 | D:4      | Found Zin's Purification Station.
  2990 | D:4      | Found a glowing silver altar of Zin.
  3180 | D:4      | Noticed Robin
  3184 | D:4      | Killed Robin
  3637 | D:5      | Entered Level 5 of the Dungeon
  3689 | D:5      | Reached XP level 7. HP: 43/46 MP: 7/7
  3983 | D:5      | Gained mutation: You are sensitive to extremes of
                  | temperature. (rF-, rC-) [Ru sacrifice]
  3983 | D:5      | Reached * piety under Ru
  3983 | D:5      | Reached ** piety under Ru
  4183 | D:5      | Reached skill level 5 in Unarmed Combat
  4864 | D:6      | Reached skill level 1 in Short Blades
  4864 | D:6      | Reached XP level 8. HP: 51/54 MP: 8/8
  5006 | D:6      | Reached skill level 6 in Unarmed Combat
  5189 | D:6      | Found Dobryxt's Tremendous Tomes.
  5348 | D:6      | Found a blossoming altar of Fedhas.
  5891 | D:7      | Reached skill level 5 in Dodging
  6095 | D:7      | Reached skill level 7 in Unarmed Combat
  6095 | D:7      | Reached XP level 9. HP: 58/58 MP: 9/9
  6109 | D:6      | Reached skill level 5 in Shapeshifting
  6412 | D:7      | Killed from afar by an orc wizard

Illustrated notes

Levels and vault maps discovered:
D:1:      giann_bridges, layout_basic, minmay_misc_feat_encased
D:2:      layout_loops_ring, serial_forest, infiniplex_forest_side_room,
          infiniplex_forest_clump_tiny, infiniplex_forest_zigzag_1,
          infiniplex_forest_straight_2, infiniplex_forest_straight_3,
          basic_altar, uniq_terence
D:3:      layout_basic, slow_altar_2
D:4:      layout_basic, zin_purify, minmay_temple_entry_ruins,
          gammafunk_ghost_split, roderic_roman_lattice, uniq_robin
D:5:      layout_basic
D:6:      layout_basic, fedhas_altar_fruit_tree, nicolae_shop_i_like_big_books,
          amethyst_killhole, kennysheep_small_circle
D:7:      cheibrodos_iron_armory, layout_gridville, hangedman_misty_isle,
          uniq_joseph
Temple:   eino_temple_scatter_basement

Skill      XL: |  1  2  3  4  5  6  7  8  9 |
---------------+----------------------------+-----
Stealth        | 1 2 3 4 |  4.0
Unarmed Combat | 3 4 5 7 |  7.6
Fighting       | 3 4 |  4.0
Dodging        | 3 4 5 |  5.5
Shapeshifting  | 4 5 |  5.2
Short Blades   | 1 3 |  3.6

Action                     |  1- 3 |  4- 6 |  7- 9 || total
---------------------------+-------+-------+-------++-------
  Melee: Unarmed           |    17 |       |    39 ||    56
         Tentacles         |    14 |    13 |    31 ||    58
         Dagger            |    39 |    87 |    92 ||   218
         Constrict         |     9 |    19 |    33 ||    61
         Punch             |     1 |     3 |     7 ||    11
  Throw: Dart              |       |    18 |    18 ||    36
 Invoke: Sacrifice Resista |       |       |     1 ||     1
    Use: Scroll            |       |       |     1 ||     1
   Stab: Sleeping          |     9 |     9 |     9 ||    27
         Distracted        |       |       |     1 ||     1
         Invisible         |       |       |     1 ||     1
 Armour: Skin              |     4 |     6 |     7 ||    17
  Dodge: Dodged            |    20 |    37 |    77 ||   134

Table legend: (Time is in decaauts)
 A = Elapsed time spent in this place.
 B = Non-inter-level travel time spent in this place.
 C = Inter-level travel time spent in this place.
 D = Time resting spent in this place.
 E = Time spent auto-exploring this place.
 F = Levels seen in this place.
 G = Mean time per level.
                   A        B        C        D        E       F      G
               +--------+--------+--------+--------+--------+-----+--------+
         Total |   6398 |   6132 |    266 |      0 |   4981 |   8 |  799.8 |
       Dungeon |   6227 |   5974 |    253 |      0 |   4838 |   7 |  889.6 |
        Temple |    171 |    158 |     13 |      0 |    143 |   1 |  171.0 |
               +--------+--------+--------+--------+--------+-----+--------+

Top non-repeatable levels by time:
     D:6: 1445 daAuts
     D:4: 1241 daAuts
     D:5: 1134 daAuts
     D:2: 1052 daAuts
     D:3: 613 daAuts
     D:1: 553 daAuts
     D:7: 186 daAuts
  Temple: 171 daAuts
